 Dungeon Crawl Stone Soup version 0.29.0-4-gdea44cf6ec (webtiles) character file.

Game seed: 5632125922630525502

86 qw the Chopper (level 4, -1/35 HPs)
             Began as a Demonspawn Cinder Acolyte on Sept 8, 2022.
             Was a High Priest of Ignis.
             Killed by divine providence
             ... invoked by an orc priest
              (14 damage)
             ... on level 3 of the Dungeon.
             The game lasted 00:00:53 (3326 turns).

qw the Chopper (Demonspawn Cinder Acolyte)          Turns: 3326, Time: 00:00:54

Health: -1/35      AC: 13    Str: 16      XL:     4   Next: 26%
Magic:  5/5        EV:  9    Int: 15      God:    Ignis [*****.]
Gold:   55         SH:  3    Dex:  8 (9)  Spells: 5/5 levels left

rFire   + . .      SeeInvis .   Y - -1 hand axe (flame)
rCold   . . .      Faith    .   k - +0 buckler
rNeg    + . .      Spirit   .   d - +0 ring mail
rPois   .          Reflect  .   (helmet restricted)
rElec   .          Harm     .   c - +0 cloak
rCorr   .          Rampage  .   (no gloves)
Will    .....                   (no boots)
Stlth   ..........              (no amulet)
HPRegen 0.11/turn               l - ring of positive energy
MPRegen 0.18/turn               (no ring)

@: fiery-armoured
A: antennae 1, magic regeneration
a: Renounce Religion, Fiery Armour, Foxfire Swarm, Rising Flame


You were on level 3 of the Dungeon.
You worshipped Ignis.
Ignis was extremely pleased with you.
You visited 1 branch of the dungeon, and saw 3 of its levels.

You collected 205 gold pieces.
You spent 150 gold pieces at shops.


Innate Abilities, Weirdness & Mutations

You have a pair of small antennae on your head.
You regenerate magic rapidly.


   Skills:
 - Level 3.0 Fighting
 + Level 4.4 Axes
 - Level 1.0 Shields
 - Level 1.0 Spellcasting
 - Level 2.6 Fire Magic


You had 5 spell levels left.
You didn't know any spells.
Your spell library contained the following spells:

 Spells                   Type           Power      Damage    Failure   Level
 Scorch                   Fire           16%        2d6       32%         2

Inventory:

Hand Weapons
 Y - a -1 hand axe of flaming (weapon)
Armour
 c - a +0 cloak (worn)
 d - a +0 ring mail (worn)
 k - a +0 buckler (worn)
Jewellery
 l - a ring of positive energy (left hand)
Scrolls
 b - 2 scrolls of teleportation
Potions
 a - a potion of mutation {unknown}
 f - a potion of resistance {unknown}
 h - a potion of berserk rage {unknown}
 i - a potion of brilliance {unknown}
 j - a potion of lignification {unknown}
 n - a potion of curing

Dungeon Overview and Level Annotations

Branches:
Dungeon (3/15)

Altars:
Dithmenos

Shops:
D:2 [*[!:


Message History

The orc hits you but does no damage.
3318 ||| Stepping ~*~*~tactically~*~*~ (water).
The orc priest calls down the wrath of Beogh upon you.
Beogh smites you!
3319 ||| INVOKING Fiery Armour.
A protective cloak of flame settles atop you.
The orc splashes around in the water.
You closely miss the orc.
The orc splashes around in the water.
The orc hits you but does no damage.
The orc is burned by your cloak of flames.
The orc is heavily wounded.
You hit the orc. You burn the orc.
The orc is almost dead.
The orc hits you but does no damage.
The orc is burned by your cloak of flames.
You kill the orc!
You hear a splash.
You enter the shallow water.
Moving in this stuff is going to be slow.
The orc hits you but does no damage.
The orc is burned by your cloak of flames.
The orc is lightly wounded.
Things that are here:
a +0 mace; an orc corpse
3323 ||| Stepping ~*~*~tactically~*~*~ (water).
The orc priest calls upon Beogh to heal the orc.
The orc's wounds heal themselves!
You barely miss the orc. You block the orc's attack.
You closely miss the orc. The orc hits you with a +0 club.
The orc is burned by your cloak of flames.
The orc is heavily wounded.
The orc priest miscasts a cantrip.
You barely miss the orc.
The orc is heavily wounded.
The orc splashes around in the water.
The orc priest mumbles some strange prayers to Beogh against you.
Beogh smites you!
You die...

77~~~777~~~777~.~777~.#
~~~.~~~~~.~~~~~~~~~~~~#
~.~~~~~~~~...~.~.~~~... .
~~~~~~~~~~~~~~~~~~~~~~...
77~~~777~.~777~~~777~~...
~.~ 7~.~7 7~.~7 ....
77~~~ 7~.~777~~~777~....
~~~~~~~~~.~~~~~~~~~~~~...
..~.~~~~..~.....@oo......
~~~~~~~~~~~~~~~~~~~~~.###
77~.~7 7~~~777~.~777~~#
7~.~7 7~.~7 7~.~7 7~.#
77~.~777~~~777~~~777~~#
~~~.~~~~~.~~~~~~~~~~~.#
.......~~.......~.~~..#
#..........+........<.#
...........############


You could see an orc priest and an orc.

Vanquished Creatures
  3 adders (D:2)
  A worm (D:3)
  2 dart slugs (D:2)
  An orc (D:3)
  5 ball pythons
  5 endoplasms
  2 giant cockroaches
  5 hobgoblins
  3 jackals (D:1)
  8 bats
  2 frilled lizards (D:2)
  5 goblins
  5 kobolds
  3 rats
50 creatures vanquished.

Notes
Turn   | Place    | Note
-------+----------+-------------------------------------------
     0 | D:1      | qw the Demonspawn Cinder Acolyte began the quest for the
                  | Orb.
     0 | D:1      | Reached XP level 1. HP: 18/18 MP: 2/2
     0 | D:1      | 0 ||| qw: Version: 0.1-a-111-g1c1fd2e
     0 | D:1      | 0 ||| qw: Game counter: 6608
     0 | D:1      | 0 ||| qw: Always use a shield: true
     0 | D:1      | 0 ||| qw: God list: Okawaru
     0 | D:1      | 0 ||| qw: Allow faded altars: false
     0 | D:1      | 0 ||| qw: Do Orc after D:15 true
     0 | D:1      | 0 ||| qw: Do second Lair branch before Depths: true
     0 | D:1      | 0 ||| qw: Lair rune preference: random
     0 | D:1      | 0 ||| qw: Plans: Normal
     0 | D:1      | 0 ||| PLANNING D:1-11
    28 | D:1      | Reached skill level 3 in Axes
   144 | D:1      | 144 ||| INVOKING Fiery Armour.
   150 | D:1      | Gained mutation: You regenerate magic rapidly. [demonic
                  | ancestry]
   150 | D:1      | Reached XP level 2. HP: 8/24 MP: 3/3
   507 | D:1      | 507 ||| Stepping ~*~*~tactically~*~*~ (stealth).
   508 | D:1      | 508 ||| Stepping ~*~*~tactically~*~*~ (stealth).
  1119 | D:1      | Found a faded altar of an unknown god.
  1485 | D:1      | 1485 ||| UPGRADING to +0 helmet.
  1490 | D:1      | 1490 ||| UPGRADING to +0 buckler.
  1495 | D:1      | 1495 ||| UPGRADING to +0 leather armour.
  1505 | D:1      | 1505 ||| DROPPING +0 robe.
  1506 | D:1      | 1506 ||| READING scroll labelled WIAH HOLAJIST.
  1511 | D:1      | 1511 ||| READING scroll labelled LIPIAF VYIPN.
  1512 | D:1      | 1512 ||| READING scroll labelled ORCHAU NUCK.
  1513 | D:1      | 1513 ||| READING 2 scrolls labelled PIN HAOHISSAUT.
  1614 | D:1      | 1614 ||| DRINKING 2 clear potions.
  1615 | D:1      | 1615 ||| DROPPING potion of degeneration.
  1616 | D:1      | 1616 ||| DROPPING scroll of silence.
  1763 | D:2      | Found Vaytaler's Book Boutique.
  1789 | D:2      | Gained mutation: You have a pair of small antennae on your
                  | head. [demonic ancestry]
  1789 | D:2      | Reached XP level 3. HP: 29/29 MP: 4/4
  1796 | D:2      | 1796 ||| Stepping ~*~*~tactically~*~*~ (stealth).
  1797 | D:2      | 1797 ||| Stepping ~*~*~tactically~*~*~ (stealth).
  1808 | D:2      | Found a shadowy altar of Dithmenos.
  1817 | D:2      | Reached skill level 1 in Shields
  1829 | D:2      | Reached skill level 4 in Axes
  1978 | D:2      | Found Qorhaut's Antique Armour Emporium.
  1982 | D:2      | 1982 ||| BUYING cloak (117 gold).
  1982 | D:2      | Bought a cloak for 117 gold pieces
  1982 | D:2      | 1982 ||| SHOPLISTING fading ring mail (234 gold, have 27).
  1982 | D:2      | 1982 ||| SHOPLISTING ring mail (104 gold, have 27).
  1982 | D:2      | 1982 ||| SHOPLISTING scale mail (104 gold, have 27).
  2026 | D:2      | Found Nufil's General Store.
  2029 | D:2      | 2029 ||| Stepping ~*~*~tactically~*~*~ (stealth).
  2282 | D:2      | Found Xyllizoo's Antique Armour Shoppe.
  2295 | D:2      | 2295 ||| SHOPLISTING chain mail (99 gold, have 40).
  2295 | D:2      | 2295 ||| SHOPLISTING glowing chain mail (165 gold, have
                  | 40).
  2295 | D:2      | 2295 ||| SHOPLISTING glowing leather armour (110 gold, have
                  | 40).
  2300 | D:2      | Found Dire's Distillery.
  2309 | D:2      | 2309 ||| BUYING potion of curing (33 gold).
  2309 | D:2      | Bought a potion of curing for 33 gold pieces
  2309 | D:2      | 2309 ||| SHOPLISTING potion of experience (550 gold, have
                  | 7).
  2309 | D:2      | 2309 ||| SHOPLISTING potion of haste (110 gold, have 7).
  2309 | D:2      | 2309 ||| SHOPLISTING potion of mutation (88 gold, have 7).
  2309 | D:2      | 2309 ||| SHOPLISTING potion of resistance (110 gold, have
                  | 7).
  2334 | D:2      | Reached XP level 4. HP: 15/35 MP: 5/5
  2897 | D:2      | 2897 ||| Stepping ~*~*~tactically~*~*~ (hiding).
  3010 | D:2      | 3010 ||| UPGRADING to +0 cloak.
  3015 | D:2      | 3015 ||| UPGRADING to +0 ring mail.
  3025 | D:2      | 3025 ||| DROPPING +0 helmet.
  3026 | D:2      | 3026 ||| DROPPING +0 leather armour.
  3027 | D:2      | 3027 ||| UPGRADING to ring of positive energy.
  3028 | D:2      | 3028 ||| READING scroll labelled CAKKOT ZUDGHAZ.
  3029 | D:2      | 3029 ||| DRINKING 2 glowing yellow potions.
  3030 | D:2      | 3030 ||| DROPPING potion of attraction.
  3123 | D:3      | 3123 ||| Stepping ~*~*~tactically~*~*~ (stealth).
  3315 | D:3      | 3315 ||| Stepping ~*~*~tactically~*~*~ (hiding).
  3318 | D:3      | 3318 ||| Stepping ~*~*~tactically~*~*~ (water).
  3319 | D:3      | 3319 ||| INVOKING Fiery Armour.
  3323 | D:3      | 3323 ||| Stepping ~*~*~tactically~*~*~ (water).
  3326 | D:3      | Killed from afar by an orc priest

Levels and vault maps discovered:
D:1:      nzn_arrival_water_spiral, layout_basic,
          hellmonk_ecumenical_altar_run_dry
D:2:      layout_basic, serial_corexii_hall, corexii_hall_statues_t,
          corexii_hall_statues_u, serial_shops, nicolae_square_shop, shop, shop,
          nicolae_shop_stone, shop_statue, minmay_hexomino_r4
D:3:      layout_basic, nemelex_xobeh_ov_fountains_minmay, kennysheep_boxes

Skill      XL: |  1  2  3 |
---------------+----------+-----
Axes           | 3 4 |  4.4
Shields        | 1 |  1.0
Fighting       | |  3.0
Spellcasting   | |  1.0
Fire Magic     | |  2.6

Action                   |  1- 3 |  4- 6 || total
-------------------------+-------+-------++-------
Melee: Hand axe          |   129 |    40 ||   169
Invok: Fiery Armour      |     1 |     1 ||     2
  Use: Scroll            |     4 |     1 ||     5
       Potion            |     1 |     1 ||     2
Armor: Robe              |    10 |       ||    10
       Leather armour    |    30 |     5 ||    35
       Ring mail         |       |    15 ||    15
Dodge: Dodged            |    79 |    12 ||    91
Block: Buckler           |    16 |     4 ||    20

Table legend:
 A = Non-vault XP
 B = Vault XP
 C = Vault XP percentage of total XP
 D = Non-vault monster count
 E = Vault monster count
 F = Vault count percentage of total count
                 A         B        C        D         E       F
            +---------+---------+-------+---------+---------+-------
      Total |     106 |      17 |  13.8 |      46 |       4 |   8.0
            +---------+---------+-------+---------+---------+-------
        D:1 |      39 |       0 |   0.0 |      24 |       0 |   0.0
        D:2 |      49 |      17 |  25.8 |      13 |       4 |  23.5
        D:3 |      18 |       0 |   0.0 |       9 |       0 |   0.0
            +---------+---------+-------+---------+---------+-------
